 Dungeon Crawl Stone Soup version 0.20.1-1-g8b1a95d (webtiles) character file.

10206 pomescollege the Spear-Bearer (level 11, -4/148 HPs)
             Began as a Merfolk Skald on Jan 3, 2018.
             Was an Elder of Makhleb.
             Slain by a manticore (14 damage)
             ... on level 11 of the Dungeon.
             The game lasted 00:52:02 (11311 turns).

pomescollege the Spear-Bearer (Merfolk Skald)      Turns: 11311, Time: 00:52:03

Health: -4/148     AC: 25    Str: 11    XL:     11   Next: 58%
Magic:  10/15      EV:  2    Int: 18    God:    Makhleb [****..]
Gold:   234        SH:  0    Dex: 14    Spells: 1/14 levels left

rFire    . . .     SeeInvis .   D - +2 spear "Uhihick" {freeze, rElec rPois rC+ Int+4}
rCold    + + .     Gourm    .   (no shield)
rNeg     + + +     Faith    .   (armour currently unavailable)
rPois    +         Spirit   .   (helmet currently unavailable)
rElec    +         Reflect  .   (cloak currently unavailable)
rCorr    .         Harm     .   (gloves currently unavailable)
MR       .....     NoTele   +   (boots currently unavailable)
Stlth    +.........             (no amulet)
Regen    0.4/turn               K - +2 ring of evasion
MPRegen  0.2/turn               L - ring of protection from cold

@: tree-form, infused, barbed spikes, very slightly contaminated, hasted,
drained, very quick
A: (change form in water), (swift swim), (stealthy swim), clumsy 1, robust 1,
screaming 1
a: Minor Destruction, Lesser Servant of Makhleb, Major Destruction, Renounce
Religion


You were on level 11 of the Dungeon.
You worshipped Makhleb.
Makhleb was greatly pleased with you.
You were not hungry.
You were a tree.
You visited 2 branches of the dungeon, and saw 12 of its levels.

You collected 813 gold pieces.
You spent 579 gold pieces at shops.

Inventory:

Hand Weapons
 B - a +0 blowgun
 D - the +2 spear "Uhihick" (weapon) {freeze, rElec rPois rC+ Int+4}
   (You bought it in a shop on level 5 of the Dungeon)

   It has been specially enchanted to freeze those struck by it, causing extra
   injury to most foes and up to half again as much damage against particularly
   susceptible opponents.
   It can also slow down cold-blooded creatures.
   It affects your intelligence (+4).
   It protects you from cold.
   It insulates you from electricity.
   It protects you from poison.
 H - a +0 glaive
 N - the +4 lajatang of Honour {slice, MR+ Str+3 Dex+4}
   (You found it on level 7 of the Dungeon)

   It inflicts extra damage upon your enemies.
   It affects your strength (+3).
   It affects your dexterity (+4).
   It affects your resistance to hostile enchantments.
Missiles
 i - 2 tomahawks (quivered)
 E - 40 poisoned needles
Armour
 b - a +0 leather armour
 f - a +0 ring mail
 g - a +0 scale mail
 k - a +2 pair of gloves (melded)
 J - a cursed -2 buckler
 M - the +1 leather armour of an ossuary (melded) {MR+ Str+2}
   (You found it on level 7 of the Dungeon)

   It affects your strength (+2).
   It affects your resistance to hostile enchantments.
Jewellery
 q - an uncursed ring of resist corrosion
 u - an uncursed ring of protection from fire {unknown}
 K - a +2 ring of evasion (left branch)
 L - a ring of protection from cold (right branch)
Wands
 s - a wand of random effects (29/48)
 w - a wand of scattershot (6/9)
 z - a wand of scattershot (2/9)
 G - a wand of iceblast (4/15)
 I - a wand of flame (23/48)
 Q - a wand of disintegration (10/24)
Scrolls
 a - 2 scrolls of recharging
 n - 3 scrolls of teleportation
 p - a scroll of amnesia
 y - a scroll of fog
 C - 2 scrolls of magic mapping
 P - a scroll of fear
Potions
 e - 2 potions of flight
 h - a potion of cancellation
 r - 2 potions of resistance
 t - a potion of berserk rage
 v - 2 potions of lignification
 x - 5 potions of agility
 O - a potion of curing
 R - a potion of ambrosia {unknown}
Books
 c - a book of Battle

   Spells                             Type                      Level
   a - Infusion                       Charms                       1
   b - Shroud of Golubria             Charms/Translocation         2
   c - Song of Slaying                Charms                       2
   d - Spectral Weapon                Hexes/Charms                 3
   e - Regeneration                   Charms/Necromancy            3
 F - a book of Clouds

   Spells                             Type                      Level
   a - Poisonous Vapours              Poison/Air                   2
   b - Mephitic Cloud                 Conjuration/Poison/Air       3
   c - Conjure Flame                  Conjuration/Fire             3
   d - Freezing Cloud                 Conjuration/Ice/Air          6
   e - Ring of Flames                 Charms/Fire                  7
 T - a book of Maledictions

   Spells                             Type                      Level
   a - Corona                         Hexes                        1
   b - Ensorcelled Hibernation        Hexes/Ice                    2
   c - Confuse                        Hexes                        3
   d - Tukima's Dance                 Hexes                        3
   e - Dazzling Spray                 Conjuration/Hexes            3
Comestibles
 d - 7 bread rations
 j - 3 royal jellies
 l - 13 fruits
 m - 4 meat rations


   Skills:
 + Level 9.9(9.7) Fighting
 - Level 12.8(12.6) Polearms
 + Level 6.4(6.2) Throwing
 - Level 0.6(0.4) Armour
 + Level 11.8(11.6) Dodging
 - Level 2.0(1.9) Spellcasting
 - Level 5.1(4.9) Charms
 + Level 5.5(5.4) Invocations


You had one spell level left.
You knew the following spells:

 Your Spells              Type           Power        Failure   Level  Hunger
a - Infusion              Chrm           ###.         2%          1    #......
b - Song of Slaying       Chrm           ###.....     3%          2    ###....
c - Spectral Weapon       Hex/Chrm       ##......     21%         3    ###....
d - Shroud of Golubria    Chrm/Tloc      ##........   10%         2    ###....
e - Regeneration          Chrm/Necr      ##........   21%         3    ###....
f - Swiftness             Chrm/Air       ##......     10%         2    ###....


Dungeon Overview and Level Annotations

Branches:
Dungeon (11/15)            Temple (1/1) D:4            Lair (0/6) D:11
    Orc (0/2) D:11

Altars:
Ashenzari
Cheibriados
Dithmenos
Elyvilon
Fedhas
Gozag
Hepliaklqana
Kikubaaqudgha
Makhleb
Nemelex Xobeh
Okawaru
Qazlal
Ru
Sif Muna
Trog
Uskayaw
Vehumet
Xom
Yredelemnul
Zin
The Shining One

Shops:
D:5 (   D:6 [*!*   D:9 *


Innate Abilities, Weirdness & Mutations

((You revert to your normal form in water.))
((You are very nimble and swift while swimming.))
((You are very stealthy in the water. (Stealth+)))
You are clumsy. (Dex -2)
You are robust. (+10% HP)
You occasionally shout uncontrollably at your foes.


Message History

The manticore is lightly wounded.
Your spectral weapon hits the manticore from afar.
Your spectral weapon freezes the manticore.
The crimson imp hits your spectral weapon.
Your spectral weapon shares its damage with you!
* * * LOW HITPOINT WARNING * * *
The orc zombie hits your spectral weapon.
You feel yourself speed up. The manticore bites you!
* * * LOW HITPOINT WARNING * * *
The manticore claws you!
* * * LOW HITPOINT WARNING * * *
The manticore claws you.
* * * LOW HITPOINT WARNING * * *
The crimson imp barely misses your spectral weapon.
The orc zombie misses your spectral weapon.
You turn into a tree.
Your +2 pair of gloves melds into your body.
The +1 leather armour of an ossuary {MR+ Str+2} melds into your body.
Your roots penetrate the ground.
The manticore bites you!
You die...

*,,,,,,,...Z#####...#.#*#.#***
*,,.Z.###...# ##.##.#*,,,,,,
*,,KK.K..K..# #.##.#*,,****
*,,,,****#..# #....##.,*
***,,* #.?######.....>.,*
**,,* #KKZH)..........** *,,,*
#..#####.....###*
*,..#####.Z#####.....#
*,........5(♣HZK(###.#*
**.....##.#####.## **.#
*....,*#.......# *,#
*.##*,*#.#####.#* **,*
**,***,..#.,,,...#**,**
*,*,,...#*#,,,.....,,*
**,*##.#,*,**####..#,**###*
*** #.**,####***.,..,,...*
#,,,,Z....,,,,*.**#..# *


You could see a manticore, a crimson imp, 2 orc zombies, a kobold and a friendly
spectral spear "Uhihick" {freeze, rElec rPois rC+ Int+4}.

Vanquished Creatures
  A two-headed ogre (D:9)
  Pikel (D:4)
  An ugly thing (D:10)
  A manticore (D:11)
  The ghost of Astraltor the Skirmisher, a novice DrBe of Trog (D:6)
  A centaur skeleton (D:10)
  A kobold demonologist (D:11)
  2 trolls (D:11)
  2 hippogriffs
  A shadow (D:10)
  4 yaks (D:9)
  A spriggan (D:7)
  A wyvern (D:8)
  4 orc warriors
  4 phantoms
  5 sky beasts
  An ogre (D:6)
  A black bear (D:7)
  4 ice beasts
  2 slaves
  6 centaurs
  A big kobold (D:10)
  7 bullfrogs
  A water moccasin zombie (D:9)
  A scorpion (D:5)
  A wyvern skeleton (D:9)
  9 killer bees
  11 howler monkeys
  3 wights (D:11)
  2 crimson imps
  2 bullfrog zombies
  3 jellies
  6 hounds
  5 orc priests
  12 orc wizards
  6 iguanas
  10 worker ants
  An ogre zombie (D:11)
  A hound zombie (D:5)
  The ghost of me2cool8 the Sneak, a weakling SpAs (D:3)
  2 hound skeletons
  2 worker ant zombies
  12 adders
  5 shadow imps
  2 worms (D:2)
  6 leopard geckos
  36 orcs
  A giant cockroach (D:7)
  10 goblins
  9 hobgoblins
  8 jackals
  2 quokkas
  4 ball pythons
  6 bats
  8 frilled lizards
  A goblin skeleton (D:11)
  A hobgoblin skeleton (D:11)
  25 kobolds
  An orc skeleton (D:11)
  5 orc zombies (D:11)
  11 rats
  A butterfly (D:6)
286 creatures vanquished.

Vanquished Creatures (collateral kills)
  A phantom (D:11)
  An ogre zombie (D:11)
  A goblin skeleton (D:11)
  2 kobolds (D:11)
5 creatures vanquished.

Vanquished Creatures (others)
  An unseen horror (D:11)
  A slave (D:4)
  A big kobold (D:11)
  3 spectral weapons
6 creatures vanquished.

Grand Total: 297 creatures vanquished

Notes
Turn   | Place    | Note
-------+----------+-------------------------------------------
     0 | D:1      | pomescollege the Merfolk Skald began the quest for the Orb.
     0 | D:1      | Reached XP level 1. HP: 16/16 MP: 3/3
   376 | D:1      | Reached XP level 2. HP: 23/23 MP: 5/5
   917 | D:1      | Learned a level 2 spell: Song of Slaying
  1081 | D:1      | Reached XP level 3. HP: 18/28 MP: 6/6
  1233 | D:1      | Reached skill level 4 in Polearms
  1518 | D:2      | Learned a level 3 spell: Spectral Weapon
  1563 | D:2      | Reached XP level 4. HP: 18/34 MP: 3/7
  1567 | D:2      | Reached skill level 5 in Polearms
  1881 | D:2      | Found a faded altar of an unknown god.
  2141 | D:3      | Noticed me2cool8's ghost (weakling SpAs)
  2153 | D:3      | Killed me2cool8's ghost
  2153 | D:3      | Reached XP level 5. HP: 27/39 MP: 0/8
  2157 | D:3      | Reached skill level 6 in Polearms
  2381 | D:3      | Found a shadowy altar of Dithmenos.
  2432 | D:3      | Found a sacrificial altar of Ru.
  2447 | D:3      | Reached skill level 5 in Charms
  2462 | D:3      | Reached XP level 6. HP: 45/45 MP: 9/9
  2579 | D:3      | Noticed a phantom
  2615 | D:3      | Killed a phantom
  2615 | D:3      | Reached skill level 7 in Polearms
  3448 | D:4      | Noticed a slave
  3449 | D:4      | Noticed Pikel
  3449 | D:4      | Noticed a slave
  3449 | D:4      | Noticed a slave
  3450 | D:4      | Noticed a slave
  3467 | D:3      | Killed a slave
  3572 | D:4      | Killed a slave
  3596 | D:4      | Killed Pikel
  3596 | D:4      | Reached skill level 9 in Polearms
  3596 | D:4      | Reached XP level 7. HP: 27/54 MP: 0/10
  3851 | D:4      | Found a staircase to the Ecumenical Temple.
  3860 | Temple   | Entered the Ecumenical Temple
  4241 | Temple   | Became a worshipper of Makhleb the Destroyer
  4314 | D:4      | Reached skill level 5 in Dodging
  4314 | D:4      | Reached XP level 8. HP: 44/61 MP: 8/11
  4322 | D:5      | Entered Level 5 of the Dungeon
  4357 | D:5      | Reached skill level 10 in Polearms
  4615 | D:5      | Found a shimmering altar of Xom.
  4972 | D:5      | Found a hazy altar of Hepliaklqana.
  4978 | D:5      | Reached skill level 5 in Fighting
  5131 | D:5      | Reached skill level 11 in Polearms
  6042 | D:5      | Found Foigin's Antique Weapon Shop.
  6048 | D:5      | Bought a blowgun for 67 gold pieces
  6048 | D:5      | Bought a steaming spear for 216 gold pieces
  6048 | D:5      | Identified the +2 spear "Uhihick" {freeze, rElec rPois rC+ Int+4} (You bought it in a shop on level 5 of the Dungeon)
  6100 | D:5      | Found a shattered altar of Ashenzari.
  6110 | D:5      | Found an ancient bone altar of Kikubaaqudgha.
  6335 | D:6      | Found Sacwiaxuu's Book Shoppe.
  6338 | D:6      | Found Nuqong's Distillery.
  6346 | D:6      | Bought a potion of lignification for 33 gold pieces
  6389 | D:6      | Found Losiud's General Store.
  6432 | D:6      | Found Xirhad's Antique Armour Shoppe.
  6468 | D:6      | Reached XP level 9. HP: 62/68 MP: 4/12
  6484 | D:6      | Reached * piety under Makhleb
  6729 | D:6      | Reached skill level 12 in Polearms
  6747 | D:6      | Noticed Astraltor's ghost (novice DrBe)
  6758 | D:6      | Killed Astraltor's ghost
  7018 | D:6      | Found a glowing silver altar of Zin.
  7021 | D:6      | Found a snail-covered altar of Cheibriados.
  7023 | D:6      | Found a hide-covered altar of Uskayaw.
  7306 | D:6      | Found Xecij's Assorted Antiques.
  7318 | D:6      | Bought a scroll labeled UTHRIV IMEDU for 26 gold pieces
  7318 | D:6      | Bought 2 puce potions for 46 gold pieces
  7318 | D:6      | Bought a scroll labeled BIC DUB XITO for 26 gold pieces
  7318 | D:6      | Bought a smoky amethyst potion for 23 gold pieces
  7540 | D:7      | Found a deep blue altar of Sif Muna.
  7741 | D:7      | Reached skill level 1 in Throwing
  7967 | D:7      | Reached ** piety under Makhleb
  8287 | D:7      | Reached XP level 10. HP: 79/79 MP: 6/13
  8298 | D:7      | Got a fine leather armour
  8303 | D:7      | Got a bloodstained lajatang
  8310 | D:7      | Identified the +1 leather armour of an ossuary {MR+ Str+2} (You found it on level 7 of the Dungeon)
  8323 | D:7      | Identified the +4 lajatang of Honour {slice, MR+ Str+3 Dex+4} (You found it on level 7 of the Dungeon)
  8440 | D:7      | Found an iron altar of Okawaru.
  8714 | D:8      | Learned a level 2 spell: Shroud of Golubria
  8718 | D:8      | Learned a level 3 spell: Regeneration
  8853 | D:8      | Found a blossoming altar of Fedhas.
  8875 | D:8      | Reached skill level 1 in Invocations
  9096 | D:8      | Reached skill level 10 in Dodging
  9486 | D:6      | Bought a sapphire ring for 130 gold pieces
  9785 | D:9      | Learned a level 2 spell: Swiftness
  9829 | D:9      | Found Rax Veo's General Store.
  9838 | D:9      | Bought a potion of degeneration for 12 gold pieces
  9913 | D:9      | Noticed a two-headed ogre
  9921 | D:9      | Killed a two-headed ogre
  9921 | D:9      | Reached skill level 5 in Throwing
  9921 | D:9      | Reached XP level 11. HP: 88/89 MP: 10/14
  9924 | D:9      | Reached *** piety under Makhleb
 10174 | D:9      | Found a glowing golden altar of the Shining One.
 10217 | D:10     | Entered Level 10 of the Dungeon
 10426 | D:10     | Gained mutation: You are robust. (+10% HP) [mutagenic meat]
 10427 | D:10     | Gained mutation: You are clumsy. (Dex -2) [mutagenic meat]
 10428 | D:10     | Gained mutation: You occasionally shout uncontrollably at your foes. [mutagenic meat]
 10455 | D:10     | Noticed a brown ugly thing
 10477 | D:10     | Killed a brown ugly thing
 10535 | D:10     | Reached **** piety under Makhleb
 10559 | D:10     | Reached skill level 5 in Invocations
 10756 | D:11     | Found a shimmering altar of Xom.
 10785 | D:11     | Noticed a manticore
 10803 | D:11     | Killed a manticore
 11094 | D:11     | Found a staircase to the Lair.
 11216 | D:11     | Noticed a manticore
 11227 | D:11     | Found a staircase to the Orcish Mines.
 11227 | D:11     | Noticed a four-headed hydra
 11228 | D:11     | Killed an unseen horror
 11311 | D:11     | Slain by a manticore

Skill      XL: |  1  2  3  4  5  6  7  8  9 10 11 |
---------------+----------------------------------+-----
Polearms       | 4 5 6 9 11 12 | 12.8
Charms         | 4 5 |  5.1
Dodging        | 4 5 6 8 10 11 | 11.8
Fighting       | 4 5 7 9 |  9.9
Throwing       | 2 5 6 |  6.4
Invocations    | 3 5 |  5.5
Armour         | |  0.6
Spellcasting   | |  2.0

Action                   |  1- 3 |  4- 6 |  7- 9 | 10-12 || total
-------------------------+-------+-------+-------+-------++-------
Melee: Spear             |   169 |   233 |   320 |   553 ||  1275
       Trident           |       |       |    46 |       ||    46
Throw: Tomahawk          |       |       |       |     2 ||     2
 Cast: Infusion          |     3 |    13 |    16 |     7 ||    39
       Song of Slaying   |       |     6 |     7 |     6 ||    19
       Spectral Weapon   |       |     2 |     5 |    15 ||    22
Invok: Minor Destruction |       |       |       |     7 ||     7
       Lesser Servant of |       |       |       |     2 ||     2
Evoke: Wand              |       |       |       |     5 ||     5
  Use: Scroll            |     5 |     8 |     6 |    14 ||    33
       Potion            |     4 |     4 |     3 |     4 ||    15
 Stab: Sleeping          |       |     1 |     4 |     1 ||     6
       Distracted        |       |       |     1 |     3 ||     4
  Eat: Chunk             |     2 |     6 |    12 |     9 ||    29
       Fruit             |       |     1 |     1 |       ||     2
       Bread ration      |       |       |     1 |     2 ||     3
Armor: Leather armour    |    32 |    32 |    31 |    47 ||   142
Dodge: Dodged            |    83 |   110 |   149 |   252 ||   594
